Cogmind - Beta 13 @@@ ROGUE MODE // 2024.04.24 @ 11:47:22 Player: Gabe+Kate4EVR Result: Self-destructed Performance ------------- Evolutions (1) 500 Regions Visited (2) 400 Robots Destroyed (13) 65 Value Destroyed (378) 378 Prototype IDs (2) 40 Alien Tech Used (0) 0 Bonus (0) 0 TOTAL SCORE: 1383 Bonus ------- None Cogmind --------- Core Integrity 287/400 Matter 293/300 Energy 250/250 System Corruption 0% Temperature Warm (131) Movement Walking (120) Location -9/Materials Parts ------- > --- POWER (1) -------- Ion Engine > --- PROPULSION (4) --- Aluminum Leg Aluminum Leg > --- UTILITY (2) ------ Small Storage Unit > --- WEAPON (2) ------- Beam Rifle Light Assault Rifle > --- INVENTORY (8) ---- Ion Engine Heat Sink Small Battery (100) Medium Battery (150) Seismic Detector Power Shielding Plasma Cutter Peak State ------------ > --- POWER ------------ Ion Engine > --- PROPULSION ------- Aluminum Leg Aluminum Leg Aluminum Leg Aluminum Leg > --- UTILITY ---------- Small Storage Unit Improved Terrain Scanner > --- WEAPON ----------- Beam Rifle Plasma Cutter > --- INVENTORY -------- Ion Engine Aluminum Leg Heat Sink Small Battery Medium Battery Seismic Detector Power Shielding Light Assault Rifle [Rating: 13] Favorites ----------- Power Ion Engine Engine Ion Engine Propulsion Aluminum Leg Leg Aluminum Leg Utility Small Storage Unit Device Improved Terrain Scanner Storage Small Storage Unit Protection Light Armor Plating Weapon Small Laser Energy Gun Small Laser Ballistic Gun Light Assault Rifle Special Weapon Plasma Cutter Build | -11 -10 -9 ------- Run | Yrd Mat Mat Slots Evolved 2 | . . 2 Power . | . . . Propulsion 2 | . . 2 Utility . | . . . Weapon . | . . . Parts Attached 19 | 6 3 10 Power 2 | 1 1 . Engine 2 | 1 1 . Core . | . . . Reactor . | . . . Propulsion 6 | 2 . 4 Treads . | . . . Leg 6 | 2 . 4 Wheel . | . . . Hover . | . . . Flight . | . . . Utility 5 | 1 2 2 Device 2 | . 1 1 Storage 1 | 1 . . Processor . | . . . Hackware . | . . . Protection 2 | . 1 1 Artifact . | . . . Weapon 6 | 2 . 4 Energy Gun 4 | 2 . 2 Energy Cannon . | . . . Ballistic Gun 1 | . . 1 Ballistic Cannon . | . . . Launcher . | . . . Special Weapon 1 | . . 1 Impact Weapon . | . . . Slashing Weapon . | . . . Piercing Weapon . | . . . Special Melee Weapon . | . . . Unidentified Prototypes . | . . . Parts Lost 4 | . . 4 Power . | . . . Propulsion 2 | . . 2 Utility 1 | . . 1 Weapon 1 | . . 1 Highest Loss Streak 3 | . . 3 To Critical Strikes . | . . . Average Slot Usage (%) 92 | . 93 91 Engine 12 | . 14 11 Leg 34 | . 28 37 Device 7 | . 7 7 Storage 12 | . 14 11 Protection 1 | . . 3 Energy Gun 19 | . 28 14 Special Weapon 3 | . . 5 Naked Turns . | . . . Heaviest Build 17 | 13 14 17 Greatest Support 40 | 20 20 40 Greatest Overweight (x) . | . . . Average Overweight (x) . | . . . Largest Inventory Capacity 8 | 8 8 8 Average Capacity 7 | 6 8 8 Most Carried 8 | 2 7 8 Average Carried 5 | 1 4 7 Final Capacity 8 | 8 8 8 Final Carried 7 | 2 7 7 Class Distribution -------------------- 72% | Mutant 27% | Scavenger-Mutant Dominant Class ---------------- Mutant | -10/Materials Scavenger-Mutant | -9/Materials Resources | -11 -10 -9 ----------- Run | Yrd Mat Mat Matter Collected 375 | 189 101 85 Remotely . | . . . Salvage Created 486 | . 152 334 Parts 22 | . 5 17 Haulers Intercepted . | . . . Recyclers Shooed . | . . . Parts Field Recycled . | . . . Retrieved Matter . | . . . Parts Self-Destructed . | . . . Prevented . | . . . Kills | -11 -10 -9 ------- Run | Yrd Mat Mat Combat Hostiles Destroyed 12 | . 4 8 Guns 9 | . 4 5 Cannons 3 | . . 3 Classes Destroyed 4 | . 2 2 Tunneler 1 | . . 1 Swarmer 3 | . 1 2 Grunt 7 | . 3 4 Sentry 2 | . . 2 Best Kill Streak 3 | . 2 3 Combat Bots Only 3 | . 2 3 Max Kills in Single Turn 1 | . 1 1 Gunslinging . | . . . Exploded . | . . . Melee . | . . . Uniques/NPCs Destroyed . | . . . Combat | -11 -10 -9 -------- Run | Yrd Mat Mat Hostile Shots Fired 94 | . 17 77 Missed 19 | . 3 16 Damage Taken 895 | . 175 720 Core 132 | . 19 113 Absorbed by Shields . | . . . Core Remaining (%) 96 | 100 92 . Volleys Fired 60 | . 18 42 Largest 2 | . 2 2 Hottest 90 | . 90 90 Shots Fired 115 | . 36 79 Gun 99 | . 36 63 Cannon . | . . . Launcher . | . . . Special 16 | . . 16 Kinetic 12 | . . 12 Thermal 103 | . 36 67 Explosive . | . . . Electromagnetic . | . . . Robot Hit Streak 15 | . 7 15 Robot Miss Streak 6 | . 6 2 Penetration Max . | . . . Secondary Targets 2 | . 1 1 Max Gunslinging Chain 1 | . 1 1 Shots Hit Robots 74 | . 16 58 Core Hits 25 | . 8 17 Critical Kills . | . . . Critical Parts Destroyed . | . . . Critical Strikes 4 | . 1 3 Burn 3 | . 1 2 Sever 1 | . . 1 Melee Attacks . | . . . Impact . | . . . Slashing . | . . . Piercing . | . . . Sneak Attacks . | . . . Combat Hostiles . | . . . Follow-up Attacks . | . . . Damage Inflicted 853 | . 190 663 Guns 733 | . 190 543 Cannons . | . . . Explosions . | . . . Melee . | . . . Ramming . | . . . Kinetic 93 | . . 93 Thermal 760 | . 190 570 Explosive . | . . . Electromagnetic . | . . . Impact . | . . . Slashing . | . . . Piercing . | . . . Highest Corruption . | . . . Average Corruption . | . . . Corruption Purged . | . . . Corruption Blocked . | . . . Overload Shots . | . . . Overflow Damage . | . . . Projectiles . | . . . Explosions . | . . . Melee . | . . . Knockbacks . | . . . Impact . | . . . Kinetic . | . . . Secondary . | . . . Self-Inflicted Damage . | . . . Shots . | . . . Rammed . | . . . Targets Rammed . | . . . Kicked . | . . . Crushed . | . . . Highest Temperature 228 | . 228 175 Average Temperature 80 | . 84 76 Received Heat Transfer 273 | . 75 198 Siege Activations . | . . . Robots Corrupted . | . . . Combat Hostiles . | . . . Parts Fried . | . . . Impact Corruptions . | . . . Robots Melted . | . . . Combat Hostiles . | . . . Parts Melted 6 | . 2 4 Heat Transferred 2265 | . 570 1695 Parts Sabotaged . | . . . Parts Stolen . | . . . Parts Stripped . | . . . Power Chain Reactions . | . . . Alert | -11 -10 -9 ------- Run | Yrd Mat Mat Peak Influence 376 | . 135 376 Initial 56 | . . 56 Average 131 | . 72 187 Maximum Alert Level 1 | . . 1 Low Security (%) 75 | 100 100 55 Level 1 25 | . . 44 Level 2 . | . . . Level 3 . | . . . Level 4 . | . . . Level 5 . | . . . High Security . | . . . Max Security . | . . . Squads Dispatched 2 | . 1 1 Investigation 1 | . 1 . Extermination . | . . . Reinforcement 1 | . . 1 Assault . | . . . Garrison . | . . . Intercept . | . . . Searches Triggered . | . . . Construction Impeded . | . . . Haulers Reinforced . | . . . Active Scanning Responses . | . . . Cargo Convoy Interrupts . | . . . Stealth | -11 -10 -9 --------- Run | Yrd Mat Mat Distress Signals 1 | . 1 . Communications Jammed . | . . . Distress Signals . | . . . Times Spotted 24 | . 8 16 Peak Tracking Total 6 | . 4 6 Tactical Retreats 6 | . . 6 Traps | -11 -10 -9 ------- Run | Yrd Mat Mat Traps Triggered . | . . . Indirectly . | . . . Trap Hack Attempts . | . . . Triggered . | . . . Disarmed . | . . . Reprogrammed . | . . . Reused . | . . . Traps Extracted . | . . . Installed . | . . . Triggered . | . . . Machines | -11 -10 -9 ---------- Run | Yrd Mat Mat Machines Disabled . | . . . Max in Single Turn . | . . . Machines Repaired . | . . . Machines Dismantled 1 | . . 1 Machines Sabotaged . | . . . Overloaded Fab Kills . | . . . Hacking | -11 -10 -9 --------- Run | Yrd Mat Mat Machines Accessed 1 | . 1 . Terminals 1 | . 1 . Fabricators . | . . . Repair Stations . | . . . Recycling Units . | . . . Scanalyzers . | . . . Garrison Access . | . . . Total Hacks 3 | . 3 . Successful 1 | . 1 . Failed 2 | . 2 . Catastrophic . | . . . Database Lockouts . | . . . Manual 3 | . 3 . Terminals 3 | . 3 . Fabricators . | . . . Repair Stations . | . . . Recycling Units . | . . . Scanalyzers . | . . . Garrison Access . | . . . Terminal Hacks 1 | . 1 . Prototype ID Bank 1 | . 1 . Fabricator Hacks . | . . . Repair Station Hacks . | . . . Recycling Unit Hacks . | . . . Scanalyzer . | . . . Garrison Access Hacks . | . . . Unauthorized Hacks . | . . . Terminals . | . . . Fabricators . | . . . Repair Stations . | . . . Recycling Units . | . . . Scanalyzers . | . . . Garrison Access . | . . . Data Cores Recovered . | . . . Used . | . . . Hacking Detections 1 | . 1 . Full Trace Events 1 | . 1 . Feedback Events . | . . . Feedback Blocked . | . . . Robot Schematics Acquired . | . . . Robots Built . | . . . Authchips . | . . . Time . | . . . Total Robot Build Rating . | . . . Part Schematics Acquired . | . . . Parts Built . | . . . Authchips . | . . . Time . | . . . Total Part Build Rating . | . . . Parts Repaired . | . . . Time . | . . . Parts Recycled . | . . . Recycled Matter . | . . . Retrieved Matter . | . . . Retrieved Components . | . . . Parts Scanalyzed . | . . . Part Schematics Acquired . | . . . Parts Damaged . | . . . Bothacking | -11 -10 -9 ------------ Run | Yrd Mat Mat Used RIF Installer . | . . . Robots Hacked . | . . . Non-combat . | . . . Combat . | . . . Robot Hacks Applied . | . . . Relay Couplers Released . | . . . Fabnet Peak Effective % . | . . . Robots Rewired . | . . . Allies Hacked . | . . . Hacks Repelled . | . . . Allies | -11 -10 -9 -------- Run | Yrd Mat Mat Total Allies . | . . . Largest Group . | . . . Highest-Rated Group . | . . . Highest-Rated Ally . | . . . Total Orders . | . . . Ally Attacks . | . . . Total Damage . | . . . Kills . | . . . Allies Corrupted . | . . . Allies Melted . | . . . Intel | -11 -10 -9 ------- Run | Yrd Mat Mat Robot Analysis Total . | . . . Derelict Logs Recovered . | . . . Drone Launches . | . . . Drone Recoveries . | . . . Exploration | -11 -10 -9 ------------- Run | Yrd Mat Mat Turns Passed 636 | 58 217 361 Spaces Moved 316 | 46 129 141 Core 11 | 11 . . Treads . | . . . Legs 305 | 35 129 141 Wheels . | . . . Hover . | . . . Flight . | . . . Fastest Speed 50 | 50 120 120 Average Speed 117 | 103 120 120 Slowest Speed 120 | 120 120 120 Overloaded Moves . | . . . Propulsion Burnouts . | . . . Robots Hopped . | . . . Cave-ins Triggered . | . . . Exploration Rate (%) 12 | 4 21 12 Regions Visited 2 Branch Regions . Pre-discovered Areas . | . . . Known Exits Taken . | . . . Unknown Exits Taken 2 | 1 1 . Scrap Searched . | . . . Spaces Dug . | . . . Terrain Destroyed . | . . . Melee . | . . . Projectile . | . . . AOE . | . . . Terrain Rammed . | . . . Walls Destroyed . | . . . Machines Disabled . | . . . Actions | -11 -10 -9 --------- Run | Yrd Mat Mat Total 433 | 53 154 226 Wait 11 | . 1 10 Move 314 | 45 128 141 Hop . | . . . Pick Up 9 | 2 3 4 Fast Attach 13 | 6 2 5 Attach 3 | . . 3 Detach 4 | . 1 3 Swap 3 | . 1 2 Drop 7 | . . 7 Fire 60 | . 18 42 Melee . | . . . Ram . | . . . Kick . | . . . Crush . | . . . Escape Stasis . | . . . Rewire . | . . . Trap . | . . . Miscellaneous 9 | . . 9 Route ------- -11/Scrapyard -10/Materials -9/Materials (discovered 1 exit: [*Sto]) History --------- Turn | Location | Event 3 | -11/Scrapyard | Discovered new exit (range 16) 59 | -11/Scrapyard | Entered Materials 242 | -10/Materials | Discovered new exit (range 8) 276 | -10/Materials | Entered another Materials area 276 | -9/Materials | Evolved 2 slots: Propulsion x2 316 | -9/Materials | Build established: Mutant 456 | -9/Materials | Discovered new exit (range 5) 637 | -9/Materials | Self-destructed Last Messages --------------- 00538_ Nuclear Reactor dismantled. 00542_ Dismantling Nuclear Reactor with Plasma Cutter. 00555_ Dropped Aluminum Leg. 00555_ K-01 Serf collects debris. 00557_ Acquired 20 matter. 00569_ K-01 Serf collects debris. 00580_ Atomic Centrifuge disabled. 00613_ Aluminum Leg destroyed. 00616_ Lgt. Armor Plating destroyed. 00616_ Y-45 Defender suffers critical hit (Burn). 00619_ Aluminum Leg destroyed. 00619_ S-10 Pest destroyed. 00619_ Switching to secondary target: Y-45 Defender. 00624_ Y-45 Defender heat damages Imp. Ion Engine. 00625_ S-10 Pest destroyed. 00628_ Destroyed Imp. Ion Engine. 00632_ Y-45 Defender heat spikes uncontrollably. 00633_ Heat Sink melted. 00633_ Hvy. Assault Rifle melted. 00633_ Y-45 Defender destroyed. Map ----- +----------------------------------------------------+ | ????????????????????????????????????????????? | | ????????????????????????????????????????????? | | ????????????????????????????????????????????? | | ????????????????????????????????????????????? | | ????????????????????????????????????????????? | | ????????????????????????????????????????????? | | ????????????????????????????????????????????? | | ????????????????????????????????????????????? | | ????????????????????????????????????????????? | | ????????????????????????????????????????????? | | ????????????????????????????????????????????? | | ??????????????????????????????##+######?????? | | ?????????????????????? ????? ??????? | | ???????????????????????????# #??????? | | ?????????????????????? ????# */ #??????? | | ??????????????????? ???????# */ #??????? | | ????????????????????? ?????# """ */ #??????? | | ???????????????##??????????# "" #??????? | | ?????????????### ########### """ ????????? | | ??????????#??# ^ #? ??????????? | | ?????????????# """ """ """ #??#+##??????????? | | ??????????#??#^""" "" """ #??# ##??????????? | | ?????????????# """ " """ ##?# #???#??????? | | ?????????????# = ^ #### #???????????? | | ?????????????# [%=/ +%= #?????#?????? | | ????#????????#######@############???????????? | | ?????????????????# %=#?#????##?????????????? | | ???????#????#????# w#???????????#?#?#?????? | | ??????#??????????# < #######??????#?#??????? | | ?????????????????# ??? ????? | | ????????????????### #############????? ???? | | ????????????????#?# # #? ???????? | | ?????????????#????# + """ ########???? | | ??????#?????#?????# # """"" + !* #???? | | ?????????#????????# # """"" #%! *##??? | | ?????????????????## # """"" #*% * #? ?? | | ?????????#?? ?????# # """ # #???? | | ????????????? ????# # # % #??#? | | ??????????????????# ############# #???? | | ??????????????????# ##??????????# #?#?? | | ?????????????#???# ?#############+######## | | ???????????????? ?* ^ ###### | | ?????????????????? T %% + | | ????????????#????# ?############+####### " | | ?????????????????##+##?#??????# ?? ?????# " | | ?????????????????#????????????????"""?????# " | | ??????????????????????? ?????????"""""????# | | ?????????????????????????????????"""""???#### | | ????????????????????????????????"""""""?????? | | ?????????????????????????????????""""""?????? | +----------------------------------------------------+ Best States ------------- Heat Dissipation 28 Energy Generation 10 Energy Capacity 250 Matter Stores 300 Matter Capacity 300 Sight Range 16 Terrain Scan Range 16 Terrain Scan Density 10 Armor Coverage 150 Evasion (%) 55 Item Schematics ----------------- None Robot Schematics ------------------ None Fabricated ------------ Nothing Alien Tech Used ----------------- None Achievements -------------- None Challenges ------------ None Game ------ Seed ProtonGreatSaw Manual? 0 Play Time 00:05:19 Cumulative 116.8 hours Start 2024.04.23 @ 23:47:37 End 2024.04.24 @ 11:47:22 Sessions 3 Manual Loads 0 Difficulty Rogue Special Mode None Game No. 240 Rogue 240 Adventurer 0 Explorer 0 Win Type - Total 0 Types 0/0/0/0/0/0/0/0/0 Lore% 33 Gallery% 52 Achievement% 37 Wizard Run 0 Options --------- Layout 0 ASCII 0 Keyboard 1 Movement Numpad Keybinds 0 Fullscreen 2 Font 18/X11 Map View 76x50 Zoom Use 0% Tactical HUD 1 Map Filters NONE Filters NONE Steam 1 RUN: 4cde1b65-6f99-4d9a-b627-6ea01b2a88ca